[Event "SWE-ch Masters Elite 2018"]
[Site "Ronneby"]
[Date "2018.06.30"]
[Round "1"]
[White "Wiedenkeller, Michael"]
[Black "Lind, Jan Olov"]
[Result "1/2-1/2"]
[ECO "D71"]
[WhiteElo "2468"]
[BlackElo "2234"]
[Annotator "ChessBase"]
[PlyCount "85"]
[EventDate "2018.06.30"]
[EventType "tourn"]
[EventCountry "SWE"]
[SourceTitle "playchess.com"]
[Source "ChessBase"]
[SourceQuality "1"]
[TimeControl "40/5400+30:1800+30"]

1. d4 Nf6 2. c4 g6 3. g3 c5 4. Nf3 cxd4 5. Nxd4 Bg7 6. Nc3 d6 7. Bg2 O-O 8. O-O Nc6 9. Nc2 Bd7 10. Bg5 Ng4 11. Bd2 Rb8 12. h3 Nf6 13. Kh2 a6 14. a4 Ne8 15. Rb1 Nc7 16. b4 b6 17. Ne3 Ne6 18. b5 axb5 19. cxb5 Na5 20. Ncd5 Nc5 21. Nb4 e6 22. Na6 Nxa6 23. bxa6 d5 24. Bxa5 bxa5 25. Qd3 Rxb1 26. Rxb1 Qa8 27. Rb6 h5 28. Kg1 Qd8 29. Rb1 Bc6 30. a7 Be5 31. Qa6 Ba8 32. Rb5 Bc7 33. Nc2 Qc8 34. Qxc8 Rxc8 35. Rc5 Kf8 36. Nd4 Ke8 37. Nb5 Kd7 38. Nxc7 Rxc7 39. Rxa5 Kc8 40. f4 Kb7 41. Kf2 Kb6 42. Rb5+ Kxa7 43. Rb4 1/2-1/2

[Event "SWE-ch Masters Elite 2018"]
[Site "Ronneby"]
[Date "2018.06.30"]
[Round "1"]
[White "Rydstrom, Tom"]
[Black "Logdahl, Harald"]
[Result "1/2-1/2"]
[ECO "B05"]
[WhiteElo "2314"]
[BlackElo "2249"]
[Annotator "NA"]
[PlyCount "126"]
[EventDate "2018.06.30"]
[EventType "tourn"]
[EventCountry "SWE"]
[SourceTitle "playchess.com"]
[Source "ChessBase"]
[SourceQuality "1"]
[TimeControl "40/5400+30:1800+30"]

1. e4 Nf6 2. e5 Nd5 3. d4 d6 4. Nf3 Bg4 5. Be2 c6 6. c4 Nb6 7. Qb3 Qc8 8. exd6 exd6 9. O-O Be7 10. Re1 O-O 11. a4 Bf6 12. a5 N6d7 13. Bf4 Re8 14. Nbd2 c5 15. Bxd6 cxd4 16. Nxd4 Bxe2 17. Nxe2 Nc6 18. Nf3 Re6 19. Bg3 Nc5 20. Qa3 Nxa5 21. Qxa5 Nb3 22. Qa3 Nxa1 23. Qxa1 Qxc4 24. Nc3 Rxe1+ 25. Qxe1 Qb3 26. h4 Qxb2 27. Nd5 a5 28. Nc7 Rd8 29. Qxa5 Qa1+ 30. Qxa1 Bxa1 31. Kf1 Bc3 32. Ke2 Ba5 33. Nb5 Rd5 34. Nbd4 Bc3 35. Kd3 Bxd4 36. Nxd4 Ra5 37. Kc4 Ra1 38. Bd6 Ra2 39. Bg3 Ra1 40. Kc5 Rg1 41. Kb6 Rd1 42. Nf5 Rb1+ 43. Kc5 f6 44. Nd6 Rg1 45. Nxb7 Rxg2 46. Nd6 Rg1 47. Kd5 Rd1+ 48. Ke6 Re1+ 49. Kf5 Rh1 50. Kg4 g6 51. Bf4 h5+ 52. Kg3 Rg1+ 53. Kf3 Rg4 54. Bg3 Ra4 55. Ne4 Kf7 56. Ke3 Ra3+ 57. Kf4 Ra4 58. Ke3 Ra3+ 59. Kf4 Ra4 60. Kf3 Ra3+ 61. Kf4 Ra4 62. Kf3 Ra3+ 63. Kf4 Ra4 1/2-1/2

[Event "SWE-ch Masters Elite 2018"]
[Site "Ronneby"]
[Date "2018.06.30"]
[Round "1"]
[White "Ziegler, Ari"]
[Black "Furhoff, Johan"]
[Result "0-1"]
[ECO "C78"]
[WhiteElo "2305"]
[BlackElo "2332"]
[Annotator "NA"]
[PlyCount "128"]
[EventDate "2018.06.30"]
[EventType "tourn"]
[EventCountry "SWE"]
[SourceTitle "playchess.com"]
[Source "ChessBase"]
[SourceQuality "1"]
[TimeControl "40/5400+30:1800+30"]

1. e4 e5 2. Nf3 Nc6 3. Bb5 a6 4. Ba4 Nf6 5. O-O b5 6. Bb3 Bb7 7. d3 Bc5 8. a3 O-O 9. Nc3 Nd4 10. Nxe5 Nxb3 11. cxb3 d5 12. Bg5 Be7 13. Re1 d4 14. Ne2 Nxe4 15. dxe4 Bxg5 16. Nxd4 Bf6 17. Nec6 Qd7 18. e5 Bxc6 19. exf6 Rfd8 20. Qc2 Bxg2 21. Nf5 Bh3 22. Ne7+ Kh8 23. Re3 gxf6 24. Qe4 Be6 25. Nc6 Bd5 26. Ne5 fxe5 27. Qxe5+ f6 28. Qxf6+ Qg7+ 29. Qxg7+ Kxg7 30. Re7+ Kf6 31. Rxh7 Rg8+ 32. Kf1 Rae8 33. Rh6+ Kg5 34. Rh3 Kf4 35. Rg3 Rh8 36. Rd1 c6 37. h3 Reg8 38. Rd4+ Ke5 39. Rdd3 Rxg3 40. Rxg3 Rh4 41. Rc3 Kf4 42. Rg3 Bf3 43. Ke1 Rh6 44. Kd2 Re6 45. Kc3 Re2 46. Rg8 Rxf2 47. Ra8 Be4 48. Rxa6 c5 49. Rf6+ Bf5 50. b4 Rf3+ 51. Kd2 cxb4 52. axb4 Rb3 53. Rh6 Rxb2+ 54. Kc3 Rc2+ 55. Kb3 Rh2 56. h4 Rh3+ 57. Kb2 Bd3 58. Kc3 Ke5 59. Rh5+ Bf5+ 60. Kb2 Rf3 61. Rh8 Kd4 62. Rf8 Be4 63. Rc8 Rf2+ 64. Kc1 Bd3 0-1

[Event "SWE-ch Masters Elite 2018"]
[Site "Ronneby"]
[Date "2018.06.30"]
[Round "1"]
[White "Landgren, Andreas"]
[Black "Malmstig, Erik"]
[Result "1-0"]
[ECO "A61"]
[WhiteElo "2278"]
[BlackElo "2336"]
[Annotator "NA"]
[PlyCount "78"]
[EventDate "2018.06.30"]
[EventType "tourn"]
[EventCountry "SWE"]
[SourceTitle "playchess.com"]
[Source "ChessBase"]
[SourceQuality "1"]
[TimeControl "40/5400+30:1800+30"]

1. d4 Nf6 2. c4 c5 3. d5 e6 4. Nc3 exd5 5. cxd5 d6 6. Nf3 g6 7. h3 Bg7 8. e4 O-O 9. Bd3 a6 10. a4 Re8 11. O-O c4 12. Bc2 Nbd7 13. Re1 Qc7 14. Be3 Nh5 15. Qe2 Ne5 16. Nd2 Bd7 17. g4 Nf6 18. f4 Nd3 19. Bxd3 cxd3 20. Qxd3 Rac8 21. Bd4 Qa5 22. Bf2 Qb4 23. Ra3 Nxg4 24. hxg4 Qxb2 25. Nd1 Qb4 26. Ne3 Bd4 27. Rb1 Qc5 28. Nf3 Bc3 29. Nc2 Qc7 30. Bb6 Qc4 31. Qxc4 Rxc4 32. Ne3 Rcc8 33. Rc1 Bb4 34. Rxc8 Bxc8 35. Rb3 Rxe4 36. Ng5 Rxf4 37. Nh3 Re4 38. Nf2 Rf4 39. Nd3 Re4 1-0

[Event "SWE-ch Masters Elite 2018"]
[Site "Ronneby"]
[Date "2018.06.30"]
[Round "1"]
[White "Lindh, Fredrik"]
[Black "Lundin, Jan"]
[Result "1/2-1/2"]
[ECO "B80"]
[WhiteElo "2273"]
[BlackElo "2282"]
[Annotator "NA"]
[PlyCount "38"]
[EventDate "2018.06.30"]
[EventType "tourn"]
[EventCountry "SWE"]
[SourceTitle "playchess.com"]
[Source "ChessBase"]
[SourceQuality "1"]
[TimeControl "40/5400+30:1800+30"]

1. e4 c5 2. Nf3 e6 3. d4 cxd4 4. Nxd4 Nf6 5. Nc3 d6 6. Be3 Be7 7. f4 O-O 8. Qf3 e5 9. Nf5 Bxf5 10. exf5 Nbd7 11. O-O-O Rc8 12. Bb5 Rxc3 13. bxc3 d5 14. Rxd5 e4 15. Rxd7 Ba3+ 16. Kb1 Qa5 17. Qe2 Nxd7 18. Bxd7 Qxc3 19. Bc1 Qb4+ 1/2-1/2

[Event "SWE-ch Masters Elite 2018"]
[Site "Ronneby"]
[Date "2018.07.01"]
[Round "2"]
[White "Malmstig, Erik"]
[Black "Ziegler, Ari"]
[Result "1-0"]
[ECO "A16"]
[WhiteElo "2336"]
[BlackElo "2305"]
[Annotator "RC"]
[PlyCount "115"]
[EventDate "2018.06.30"]
[EventType "tourn"]
[EventCountry "SWE"]
[SourceTitle "playchess.com"]
[Source "ChessBase"]
[SourceQuality "1"]
[TimeControl "40/5400+30:1800+30"]

1. c4 Nf6 2. Nc3 g6 3. b3 Bg7 4. Bb2 O-O 5. e3 e5 6. g4 d5 7. g5 Ne4 8. Nxd5 Nxg5 9. h4 Ne6 10. Nf3 c6 11. Nc3 e4 12. Ng5 Nxg5 13. hxg5 Bf5 14. Qc2 Qxg5 15. O-O-O Re8 16. Bh3 Bxh3 17. Rxh3 Qf5 18. Rdh1 h5 19. f3 Na6 20. fxe4 Qg5 21. a3 b5 22. cxb5 cxb5 23. b4 Rac8 24. Kb1 Red8 25. d4 Nc7 26. Qb3 Qg2 27. R3h2 Qf3 28. Rh3 Qg4 29. Rh4 Qd7 30. Rg1 Ne6 31. e5 Nf8 32. Ne4 Rc4 33. Nd6 Qe7 34. Rf4 Rxd6 35. exd6 Qxd6 36. Rgf1 f5 37. Rc1 Qd5 38. Rxc4 bxc4 39. Qc2 Ne6 40. Rf1 Ng5 41. Rc1 Ne4 42. Ka1 h4 43. Qh2 g5 44. Qb8+ Kh7 45. Qxa7 h3 46. Qc7 f4 47. exf4 c3 48. Rxc3 g4 49. Rc1 g3 50. b5 h2 51. f5 Qxf5 52. b6 Nd2 53. Qxg3 Nf3 54. b7 Qh5 55. b8=Q h1=Q 56. Rxh1 Qxh1+ 57. Ka2 Qf1 58. Qb3 1-0

[Event "SWE-ch Masters Elite 2018"]
[Site "Ronneby"]
[Date "2018.07.01"]
[Round "2"]
[White "Lundin, Jan"]
[Black "Furhoff, Johan"]
[Result "1/2-1/2"]
[ECO "C45"]
[WhiteElo "2282"]
[BlackElo "2332"]
[Annotator "NA"]
[PlyCount "48"]
[EventDate "2018.06.30"]
[EventType "tourn"]
[EventCountry "SWE"]
[SourceTitle "playchess.com"]
[Source "ChessBase"]
[SourceQuality "1"]
[TimeControl "40/5400+30:1800+30"]

1. e4 e5 2. Nf3 Nc6 3. d4 exd4 4. Nxd4 Bc5 5. Nxc6 Qf6 6. Qf3 Qxf3 7. gxf3 bxc6 8. Rg1 {[%emt 0:04:35] C45: Scotch Game} (8. Nd2 Ne7 9. Nb3 Bb6 10. c4 c5 11. Be3 d6 12. h4 Nc6 13. h5 Nd4 14. O-O-O Nxf3 15. Be2 Ne5 {0-1 (41) Chigaev,M (2555)-McShane,L (2640) Katowice 2017}) 8... Ne7 9. Be3 Bxe3 10. fxe3 O-O 11. Bd3 $146 ({Predecessor:} 11. Nc3 f5 12. f4 d6 13. e5 dxe5 14. Bc4+ Kh8 15. O-O-O Ng6 16. Ne2 Nh4 17. Rg3 e4 18. Nd4 c5 19. Nc6 Nf3 20. Ne7 g6 21. Rh3 {1-0 (21) Bitalzadeh,A (2339)-Rothuis,V (2354) Netherlands 2007}) 11... f5 12. Nd2 d6 13. Ke2 Rb8 14. b3 f4 15. Rg5 Be6 16. Rag1 g6 17. h4 h6 (17... c5 $14) 18. Ra5 Rb7 19. e5 fxe3 20. Ne4 Bf5 21. exd6 (21. Kxe3 $16 Be6 22. exd6 cxd6 23. Nxd6) 21... cxd6 22. Nxd6 Bxd3+ 23. cxd3 ({Avoid the trap} 23. Kxd3 $2 Rd7 $19) 23... Rd7 24. Re5 $11 (24. Nc4 $14) 24... Nd5 1/2-1/2

[Event "SWE-ch Masters Elite 2018"]
[Site "Ronneby"]
[Date "2018.07.01"]
[Round "2"]
[White "Lindh, Fredrik"]
[Black "Wiedenkeller, Michael"]
[Result "0-1"]
[ECO "C11"]
[WhiteElo "2273"]
[BlackElo "2468"]
[Annotator "RC"]
[PlyCount "124"]
[EventDate "2018.06.30"]
[EventType "tourn"]
[EventCountry "SWE"]
[SourceTitle "playchess.com"]
[Source "ChessBase"]
[SourceQuality "1"]
[TimeControl "40/5400+30:1800+30"]

1. e4 e6 2. d4 d5 3. Nc3 Nf6 4. e5 Nfd7 5. f4 c5 6. Nf3 Nc6 7. Be3 a6 8. Qd2 b5 9. dxc5 Bxc5 10. Bd3 Qb6 11. Bxc5 Nxc5 12. O-O-O b4 13. Ne2 a5 14. Ned4 Nxd4 15. Nxd4 Ba6 16. Bxa6 Rxa6 17. f5 Ne4 18. Qf4 Qc7 19. Rhf1 Qe7 20. Qg4 g6 21. fxe6 fxe6 22. Rd3 Rf8 23. Rdf3 Rxf3 24. gxf3 Qg5+ 25. Qxg5 Nxg5 26. h4 Nf7 27. f4 Kf8 28. Kd2 Nh6 29. Ke3 Nf5+ 30. Nxf5 gxf5 31. Kd3 Rc6 32. c3 bxc3 33. bxc3 Rc4 34. Rf2 h5 35. Rf3 Ke8 36. Kc2 Kd7 37. Kb3 a4+ 38. Kb2 Kc6 39. Rf2 Kc5 40. Rf1 Re4 41. Rf3 Rc4 42. Rf1 Re4 43. Rf3 Re2+ 44. Ka3 Rg2 45. Kxa4 Rxa2+ 46. Kb3 Rg2 47. Rf1 Rg4 48. Ra1 Rxf4 49. Ra6 Rxh4 50. Rxe6 d4 51. Rd6 dxc3 52. Kxc3 Re4 53. Rh6 Kd5 54. Rxh5 Kxe5 55. Kd3 Kf4 56. Rh1 Re3+ 57. Kd2 Re5 58. Rf1+ Kg3 59. Rg1+ Kf2 60. Rg5 Re2+ 61. Kd1 f4 62. Rg6 f3 0-1

[Event "SWE-ch Masters Elite 2018"]
[Site "Ronneby"]
[Date "2018.07.01"]
[Round "2"]
[White "Logdahl, Harald"]
[Black "Landgren, Andreas"]
[Result "1/2-1/2"]
[ECO "B26"]
[WhiteElo "2249"]
[BlackElo "2278"]
[Annotator "NA"]
[PlyCount "112"]
[EventDate "2018.06.30"]
[EventType "tourn"]
[EventCountry "SWE"]
[SourceTitle "playchess.com"]
[Source "ChessBase"]
[SourceQuality "1"]
[TimeControl "40/5400+30:1800+30"]

1. e4 c5 2. Nc3 Nc6 3. g3 g6 4. Bg2 Bg7 5. d3 d6 6. Nge2 e5 7. O-O Nge7 8. Be3 O-O 9. Qd2 Nd4 10. a3 {[%emt 0:02:10] B26: Closed Sicilian: 3 g3, lines with early Be3} Bg4 $146 ({Predecessor:} 10... Bh3 11. Nxd4 Bxg2 12. Nc6 bxc6 13. Kxg2 f5 14. Rad1 Rb8 {½-½ (64) Heyken,E (2410)-Jasnikowski,Z (2455) Germany 1992}) 11. f3 Be6 12. f4 Qd7 13. Rf2 Rac8 14. Raf1 b5 15. f5 gxf5 16. Bh6 f6 17. Bxg7 Kxg7 18. Nd5 Nxe2+ 19. Qxe2 f4 20. Nxe7 Qxe7 21. gxf4 $11 Kh8 22. Qh5 Qg7 23. fxe5 fxe5 24. Rxf8+ Rxf8 25. Rxf8+ Qxf8 26. Qg5 Qf4 27. Qxf4 exf4 28. Kf2 Bg4 29. Bf3 Be6 30. Bd1 Bf7 31. Bg4 Ba2 32. c3 Bb1 33. Be2 c4 34. dxc4 bxc4 35. Kf3 Bd3 36. Bd1 Kg7 37. Kxf4 Kf6 38. b4 cxb3 39. Bxb3 Bb1 40. Bg8 h6 41. Bd5 Bc2 42. c4 a5 43. h3 Bd3 44. h4 Bc2 45. Bc6 Bd3 46. Bb5 Bc2 47. Ba6 Bb3 48. Bb5 Bc2 49. Bc6 Bd3 50. Bd5 Bc2 51. Bb7 Bd3 52. Ba6 Bc2 53. Bb5 Bb3 54. Ba6 Bc2 55. Bb5 Bb3 56. Ba6 {[%emt 0:03:54] Ke5+} Bc2 1/2-1/2

[Event "SWE-ch Masters Elite 2018"]
[Site "Ronneby"]
[Date "2018.07.01"]
[Round "2"]
[White "Lind, Jan Olov"]
[Black "Rydstrom, Tom"]
[Result "0-1"]
[ECO "C54"]
[WhiteElo "2234"]
[BlackElo "2314"]
[Annotator "NA"]
[PlyCount "108"]
[EventDate "2018.06.30"]
[EventType "tourn"]
[EventCountry "SWE"]
[SourceTitle "playchess.com"]
[Source "ChessBase"]
[SourceQuality "1"]
[TimeControl "40/5400+30:1800+30"]

1. e4 e5 2. Nf3 Nc6 3. Bc4 Bc5 4. c3 Nf6 5. d4 exd4 6. cxd4 Bb4+ 7. Nc3 Nxe4 8. O-O Bxc3 9. d5 Bf6 10. Re1 Ne7 11. Rxe4 d6 12. Bg5 Bxg5 13. Nxg5 h6 14. Qh5 O-O {[%emt 0:00:42] C54: Giuoco Piano: 4 c3 Nf6, main lines with 5 d4 and 5 d3} 15. Rae1 {[%emt 0:06:19] LiveBook: 3 Games} Ng6 (15... Nf5 16. Nxf7 Qf6 17. Rf4 Bd7 18. g4 Qxf7 19. Qxf7+ Rxf7 20. gxf5 Rxf5 21. Rxf5 Bxf5 22. Re7 {0-1 (50) Shvartsman,A (2261)-Moradiabadi,E (2542) Herndon 2012}) 16. Ne6 $1 fxe6 17. Qxg6 e5 18. R4e3 Qf6 19. Qg3 $146 ({Predecessor:} 19. Qc2 Bd7 20. Rc1 Rae8 21. Qe2 Kh8 22. Rb3 {½-½ (22) Oliva,J-Voller,O Bratislava 1993}) 19... Qf4 20. Bb3 Qxg3 21. hxg3 Bf5 22. Rc1 Rf7 23. Rec3 Rc8 24. Bd1 Kf8 25. Ra3 a6 26. Rb3 c5 27. dxc6 Rxc6 28. Rxc6 bxc6 29. Rb6 Rc7 30. Rxa6 Ke7 31. Bb3 d5 32. Ra8 Rb7 33. Kf1 Be6 34. Ke1 c5 35. Bd1 Rxb2 36. Ra7+ Kf8 37. a4 c4 38. a5 Ra2 39. a6 d4 40. g4 c3 41. g5 Ra1 42. Rc7 Rxa6 43. gxh6 gxh6 44. Rc5 Ra1 45. Ke2 Kf7 46. Bc2 $19 Ra2 47. Kd1 d3 48. Bxd3 Rd2+ 49. Ke1 Rxd3 50. Ke2 e4 51. f3 Rd2+ 52. Ke3 Rxg2 53. Rxc3 exf3 54. Kxf3 Rg5 0-1

[Event "SWE-ch Masters Elite 2018"]
[Site "Ronneby"]
[Date "2018.07.03"]
[Round "4"]
[White "Wiedenkeller, Michael"]
[Black "Rydstrom, Tom"]
[Result "1-0"]
[ECO "D20"]
[WhiteElo "2465"]
[BlackElo "2307"]
[Annotator "ChessBase"]
[PlyCount "89"]
[EventDate "2018.06.30"]
[EventType "tourn"]
[EventCountry "SWE"]
[SourceTitle "playchess.com"]
[Source "ChessBase"]
[SourceQuality "1"]
[TimeControl "40/5400+30:1800+30"]

1. d4 d5 2. c4 dxc4 3. e4 e5 4. Nf3 exd4 5. Qxd4 Qxd4 6. Nxd4 a6 7. Bxc4 c5 8. Nc2 Nf6 9. Nc3 b5 10. Bd5 Ra7 11. Bf4 Nbd7 12. Bc6 Bb7 13. Bb8 Bxc6 14. Bxa7 b4 15. Nd5 Bxd5 16. exd5 Kd8 17. a4 Kc7 18. a5 Kb7 19. Bb6 Nxb6 20. axb6 Nxd5 21. O-O-O Nxb6 22. Rhe1 g6 23. f4 Kc6 24. Rd8 Bg7 25. Rxh8 Bxh8 26. Re8 Bf6 27. Ne3 a5 28. Ng4 Bd4 29. Ne5+ Kb5 30. Nf3 Bf6 31. Rf8 a4 32. Rxf7 Nd5 33. Ne5 c4 34. Rb7+ Ka6 35. Rd7 Nb6 36. Rd6 Be7 37. Re6 a3 38. bxa3 bxa3 39. Rxe7 c3 40. Nc6 Nd5 41. Re2 Kb5 42. Nd4+ Kc4 43. Nc2 a2 44. Re4+ Kd3 45. Rd4+ 1-0

[Event "SWE-ch Masters Elite 2018"]
[Site "Ronneby"]
[Date "2018.07.03"]
[Round "4"]
[White "Lundin, Jan"]
[Black "Malmstig, Erik"]
[Result "1/2-1/2"]
[ECO "C00"]
[WhiteElo "2282"]
[BlackElo "2336"]
[Annotator "NA"]
[PlyCount "203"]
[EventDate "2018.06.30"]
[EventType "tourn"]
[EventCountry "SWE"]
[SourceTitle "playchess.com"]
[Source "ChessBase"]
[SourceQuality "1"]
[TimeControl "40/5400+30:1800+30"]

1. e4 e6 2. d3 d5 3. Nd2 e5 4. Ngf3 Nc6 5. g3 Nf6 6. Bg2 Bc5 7. O-O O-O 8. c3 Bb6 9. a4 dxe4 10. dxe4 Re8 11. Qe2 Bg4 $14 12. Nc4 Qc8 13. a5 Bc5 14. b4 Bf8 15. a6 bxa6 16. Re1 Rb8 17. Qa2 a5 18. Nxa5 Nxa5 19. Qxa5 c5 20. b5 c4 21. Be3 Bc5 22. Nd2 Bxe3 23. Rxe3 Rd8 24. Ra2 Rd7 25. Bf1 Be6 26. Qb4 Qc7 27. Re1 a6 28. Nxc4 Rxb5 29. Qa4 Rc5 30. Qxa6 Bxc4 31. Bxc4 h5 32. Ra4 Rd6 33. Qa8+ Rd8 34. Qa6 Rc6 35. Qb5 Rb8 36. Ra7 Qxa7 37. Qxc6 Rb2 38. Qc8+ Kh7 39. Qf5+ Kg8 40. Qc8+ Kh7 41. Qf5+ Kg8 42. Rd1 Qc7 43. Ra1 Rb8 44. Bd5 Qxc3 45. Ra7 Rf8 46. Re7 h4 47. gxh4 Nxd5 48. exd5 Qd4 49. Rxe5 Rd8 50. Kg2 Qxh4 51. Re4 Qh6 52. Rf4 Rf8 53. h4 Qd6 54. h5 Kh8 55. Rd4 Kg8 56. Qf4 Qxf4 57. Rxf4 Rd8 58. Rf5 Kf8 59. Kf3 Ke7 60. Ke4 Ra8 61. Rf3 Ra4+ 62. Ke5 Rh4 63. d6+ Ke8 64. d7+ Kxd7 65. Rxf7+ Ke8 66. Rxg7 Rxh5+ 67. Kf6 Rh4 68. Rg8+ Kd7 69. Kg5 Rh2 70. Rf8 Rg2+ 71. Kh4 Ke7 72. Rf4 Ke8 73. Kh3 Rg1 74. Rg4 Rh1+ 75. Kg2 Ra1 76. Rf4 Ra3 77. f3 Ra6 78. Rf5 Rg6+ 79. Kf2 Ra6 80. Ke3 Ra4 81. Rf4 Ra5 82. Ke4 Ke7 83. Rf5 Ra4+ 84. Ke5 Rb4 85. Rg5 Kf7 86. Kf5 Ra4 87. Rg1 Ra5+ 88. Kg4 Kf6 89. f4 Ra8 90. Rb1 Ra6 91. Rh1 Kg7 92. f5 Ra2 93. Rb1 Rg2+ 94. Kf3 Ra2 95. Rb6 Ra4 96. Rg6+ Kf7 97. Rg4 Ra6 98. Kf4 Ra8 99. Rh4 Ra1 100. Rg4 Kf6 101. Rg6+ Kf7 102. Rg3 1/2-1/2

[Event "SWE-ch Masters Elite 2018"]
[Site "Ronneby"]
[Date "2018.07.03"]
[Round "4"]
[White "Lindh, Fredrik"]
[Black "Landgren, Andreas"]
[Result "1/2-1/2"]
[ECO "B80"]
[WhiteElo "2273"]
[BlackElo "2278"]
[Annotator "NA"]
[PlyCount "71"]
[EventDate "2018.06.30"]
[EventType "tourn"]
[EventCountry "SWE"]
[SourceTitle "playchess.com"]
[Source "ChessBase"]
[SourceQuality "1"]
[TimeControl "40/5400+30:1800+30"]

1. e4 c5 2. Nf3 d6 3. d4 cxd4 4. Nxd4 Nf6 5. Nc3 a6 6. Be3 e6 7. Qf3 Nbd7 8. O-O-O Qc7 9. Qg3 b5 10. a3 Bb7 11. f3 Rc8 12. Bxb5 axb5 13. Ndxb5 Qb8 14. Nxd6+ Bxd6 15. Qxd6 Qxd6 $11 16. Rxd6 O-O 17. Nb5 Ne5 18. b3 Ne8 19. Rb6 Ba8 20. Rd1 Nc7 21. Nxc7 Rxc7 22. Bf4 Rc6 23. Rxc6 Nxc6 24. c4 e5 25. Be3 f5 26. exf5 Rxf5 27. b4 Rf8 28. Kc2 e4 29. f4 g5 30. g3 gxf4 31. gxf4 Rc8 32. Rd7 Nb8 33. Rd4 Nc6 34. Rd7 Nb8 35. Rd4 Nc6 36. Rd7 1/2-1/2

[Event "SWE-ch Masters Elite 2018"]
[Site "Ronneby"]
[Date "2018.07.03"]
[Round "4"]
[White "Logdahl, Harald"]
[Black "Furhoff, Johan"]
[Result "1/2-1/2"]
[ECO "B23"]
[WhiteElo "2249"]
[BlackElo "2332"]
[Annotator "NA"]
[PlyCount "40"]
[EventDate "2018.06.30"]
[EventType "tourn"]
[EventCountry "SWE"]
[SourceTitle "playchess.com"]
[Source "ChessBase"]
[SourceQuality "1"]
[TimeControl "40/5400+30:1800+30"]

1. e4 e5 2. Nc3 Nf6 3. g3 d5 4. exd5 c6 5. d4 exd4 6. Qxd4 cxd5 7. Bg5 Be7 {[%emt 0:10:29] LiveBook: 34 Games} 8. Bg2 $11 Nc6 9. Qd2 d4 10. Bxf6 Bxf6 11. Nd5 O-O 12. Ne2 Be6 13. Nxf6+ Qxf6 14. O-O Rad8 15. Nf4 Ne5 16. Nxe6 fxe6 17. Qa5 Nf3+ 18. Bxf3 Qxf3 19. Rae1 Qf5 20. Qxf5 exf5 1/2-1/2

[Event "SWE-ch Masters Elite 2018"]
[Site "Ronneby"]
[Date "2018.07.03"]
[Round "4"]
[White "Lind, Jan-Olov"]
[Black "Ziegler, Ari"]
[Result "0-1"]
[ECO "A00"]
[WhiteElo "2234"]
[BlackElo "2305"]
[Annotator "NA"]
[PlyCount "116"]
[EventDate "2018.06.30"]
[EventType "tourn"]
[EventCountry "SWE"]
[SourceTitle "playchess.com"]
[Source "ChessBase"]
[SourceQuality "1"]
[TimeControl "40/5400+30:1800+30"]

1. e4 c6 2. d3 d5 3. Nd2 e5 4. Ngf3 Nd7 5. g3 Ngf6 6. Bg2 Bc5 7. O-O O-O 8. a3 a5 9. b3 Re8 10. Bb2 h6 11. exd5 cxd5 12. d4 exd4 13. Nxd4 $15 Ne5 14. h3 Qb6 15. N2f3 Nxf3+ 16. Nxf3 Ne4 17. Bd4 Bf5 18. a4 Rac8 19. Bxc5 Qxc5 20. Qd4 Nc3 21. Qxc5 Rxc5 22. Nd4 Bxc2 23. Rfe1 Rxe1+ 24. Rxe1 Be4 25. f3 Bd3 26. Re8+ Kh7 27. Re7 b5 28. Rxf7 bxa4 29. bxa4 Nxa4 30. Kf2 Kg6 31. Ra7 Kf6 32. Ke3 Rc3 33. Rxa5 Bc4+ 34. Kf2 Nb2 35. f4 Nd1+ 36. Ke1 Ne3 37. Bf3 Nc2+ 38. Nxc2 Rxf3 39. Ra3 Rxa3 40. Nxa3 Kf5 41. Nc2 Ke4 42. Kf2 d4 43. Ne1 Be6 44. g4 Kxf4 45. Nd3+ Ke4 46. Nc5+ Kd5 47. Nd3 Bf7 48. Kf3 g5 49. Nb4+ Kc4 50. Ke4 Be8 51. Ke5 Ba4 52. Nd5 Bc6 53. Ne7 d3 54. Nf5 d2 55. Ne3+ Kd3 56. Nd1 Bf3 57. Nb2+ Kc3 58. Na4+ Kc2 0-1

[Event "SWE-ch Masters Elite 2018"]
[Site "Ronneby"]
[Date "2018.07.04"]
[Round "5"]
[White "Malmstig, Erik"]
[Black "Logdahl, Harald"]
[Result "0-1"]
[ECO "A21"]
[WhiteElo "2336"]
[BlackElo "2249"]
[Annotator "NA"]
[PlyCount "54"]
[EventDate "2018.06.30"]
[EventType "tourn"]
[EventCountry "SWE"]
[SourceTitle "playchess.com"]
[Source "ChessBase"]
[SourceQuality "1"]
[TimeControl "40/5400+30:1800+30"]

1. c4 e5 2. Nc3 Bb4 3. Nd5 Be7 4. e3 Nf6 5. Ne2 Nxd5 6. cxd5 O-O 7. Nc3 c5 8. Be2 d6 9. O-O Na6 10. a4 Nc7 11. Bc4 a6 12. d4 exd4 13. exd4 b6 14. Bf4 Rb8 15. Ba2 Bf5 16. Qd2 Bf6 17. Be3 Re8 18. Rfd1 h6 19. Rac1 Bg5 20. Bf4 Qf6 21. a5 Nb5 22. Nxb5 axb5 23. axb6 cxd4 24. Bxg5 hxg5 25. Qa5 d3 26. Qxb5 Re2 27. Bb3 Bd7 0-1

[Event "SWE-ch Masters Elite 2018"]
[Site "Ronneby"]
[Date "2018.07.04"]
[Round "5"]
[White "Furhoff, Johan"]
[Black "Lind, Jan-Olov"]
[Result "0-1"]
[ECO "B06"]
[WhiteElo "2332"]
[BlackElo "2234"]
[Annotator "NA"]
[PlyCount "62"]
[EventDate "2018.06.30"]
[EventType "tourn"]
[EventCountry "SWE"]
[SourceTitle "playchess.com"]
[Source "ChessBase"]
[SourceQuality "1"]
[TimeControl "40/5400+30:1800+30"]

1. e4 g6 2. d4 Bg7 3. Nc3 d6 4. f4 a6 5. Nf3 b5 6. Bd3 Nd7 7. e5 c5 8. Be4 Rb8 9. Be3 Nh6 10. dxc5 b4 11. Nd5 Nxc5 12. Bxc5 dxc5 13. O-O O-O 14. Qe2 Qd7 15. Rad1 Qa7 16. h3 Kh8 17. Kh2 f6 18. Bd3 Bb7 19. Bc4 Rbd8 20. g4 Qb8 21. Nxe7 Rxd1 22. Rxd1 fxe5 23. Nxe5 Rxf4 24. Rd8+ Qxd8 25. N7xg6+ hxg6 26. Nxg6+ Kh7 27. Nxf4 Qd6 28. Qd3+ Qxd3 29. Nxd3 Bf8 30. Kg3 Bd6+ 31. Kh4 Kg6 0-1

[Event "SWE-ch Masters Elite 2018"]
[Site "Ronneby"]
[Date "2018.07.04"]
[Round "5"]
[White "Rydstrom, Tom"]
[Black "Lundin, Jan"]
[Result "1/2-1/2"]
[ECO "B81"]
[WhiteElo "2307"]
[BlackElo "2282"]
[Annotator "NA"]
[PlyCount "108"]
[EventDate "2018.06.30"]
[EventType "tourn"]
[EventCountry "SWE"]
[SourceTitle "playchess.com"]
[Source "ChessBase"]
[SourceQuality "1"]
[TimeControl "40/5400+30:1800+30"]

1. e4 c5 2. Nf3 e6 3. d4 cxd4 4. Nxd4 Nf6 5. Nc3 d6 6. g4 e5 7. Nf5 h5 8. g5 Nxe4 9. Nxg7+ Bxg7 10. Nxe4 d5 11. Ng3 Bg4 12. Be2 Nc6 13. Bxg4 hxg4 14. Nf5 Qd7 15. Qxg4 Kf8 16. Bd2 a5 17. Qf3 e4 18. Qa3+ Kg8 19. Nxg7 Qg4 20. Qg3 Qxg3 21. fxg3 Kxg7 22. c3 Ne5 23. Be3 Nf3+ 24. Ke2 Rxh2+ 25. Rxh2 Nxh2 26. Rd1 Ng4 27. Rxd5 Kg6 28. Bd4 a4 29. Rb5 b6 30. Bf6 Nxf6 31. gxf6 Kxf6 32. Rxb6+ Kg5 33. b4 f5 34. c4 Rh8 35. c5 Rh2+ 36. Ke3 Rxa2 37. c6 Rc2 38. b5 a3 39. Ra6 a2 40. Rxa2 Rxa2 41. c7 Rc2 42. b6 Kg4 43. Kd4 f4 44. gxf4 Kf3 45. b7 Rxc7 46. b8=Q Rd7+ 47. Kc4 e3 48. Qa8+ Kf2 49. Qh1 e2 50. Qh4+ Kf3 51. Qh3+ Kxf4 52. Qxd7 e1=Q 53. Qd4+ Qe4 54. Qxe4+ Kxe4 1/2-1/2